[Event "GambitGuide"]
[Site "Internet Chess Club"]
[Date "2014.10.31"]
[Round "1"]
[White "JSBach"]
[Black "JeffH"]
[Result "1-0"]
[ICCResult "Black resigns"]
[WhiteElo "1687"]
[BlackElo "1183"]
[Opening "Vienna: `Frankenstein-Dracula' variation"]
[ECO "C27"]
[NIC "VG.02"]
[Time "19:39:21"]
[TimeControl "120+12"]

1. e4 e5 2. Nc3 Nf6 3. Bc4 Nxe4 4. Qh5 Nd6 5. Bb3 Nc6 6. Nb5 g6 7. Qf3 f5 8.
Qd5 Qe7 9. Nxc7+ Kd8 10. Nxa8 b6 11. d3 Bb7 12. Nxb6 axb6 13. Qf3 Nd4 14.
Qg3 f4 15. Qg4 N6f5 16. c3 Ne6 17. Nf3 h5 18. Qxg6 Bxf3 19. gxf3 Ng5 20.
Qxf5 {Black resigns} 1-0

[Event "GambitGuide"]
[Site "Internet Chess Club"]
[Date "2014.10.31"]
[Round "1"]
[White "JSBach"]
[Black "Spirals"]
[Result "1-0"]
[ICCResult "Black resigns"]
[WhiteElo "1687"]
[BlackElo "2176"]
[Opening "Vienna: `Frankenstein-Dracula' variation"]
[ECO "C27"]
[NIC "VG.02"]
[Time "19:38:12"]
[TimeControl "120+12"]

1. e4 e5 2. Nc3 Nf6 3. Bc4 Nxe4 4. Qh5 Nd6 5. Bb3 Nc6 6. Nb5 g6 7. Qf3 f5 8.
Qd5 Qe7 9. Nxc7+ Kd8 10. Nxa8 b6 11. d3 Bb7 12. Nxb6 axb6 13. Qf3 Nd4 14.
Qg3 f4 15. Qg4 Bd5 16. c4 h5 17. Qxg6 Bf7 18. Qxf7 Nxf7 19. Bd2 Bh6 20. Ba4
f3 21. g3 Bxd2+ 22. Kxd2 Qg5+ 23. Ke1 Qf5 24. Kd2 Kc7 25. Re1 Ra8 26. Bb3
Nxb3+ 27. axb3 Nd6 28. Re3 Rf8 29. Nxf3 Qxf3 30. Rxf3 Rxf3 31. Ke2 Rf7 32.
Ra1 Kb7 33. Ke3 Kc6 34. f4 exf4+ 35. gxf4 Nf5+ 36. Ke4 d6 37. b4 Ng7 38. Kf3
Re7 39. Ra8 Kb7 40. Rh8 Rf7 41. Rh6 Kc7 42. h4 Kd7 43. Ke4 Ke7 44. b3 Nf5
45. Rh8 Ng7 46. Rb8 Ke6 47. Rxb6 Rd7 48. d4 Ne8 49. d5+ Ke7 50. b5 Nf6+ 51.
Kd4 Ra7 52. Ra6 Rxa6 53. bxa6 Nd7 54. a7 Nb6 55. c5 dxc5+ 56. Kxc5 Na8 57.
d6+ Kd7 58. f5 Ke8 59. f6 Kf7 60. d7 {Black resigns} 1-0

[Event "GambitGuide"]
[Site "Internet Chess Club"]
[Date "2014.10.31"]
[Round "1"]
[White "JSBach"]
[Black "QuieroAprender"]
[Result "0-1"]
[ICCResult "White checkmated"]
[WhiteElo "1687"]
[BlackElo "1379"]
[Opening "Vienna: `Frankenstein-Dracula' variation"]
[ECO "C27"]
[NIC "VG.02"]
[Time "19:37:04"]
[TimeControl "120+12"]

1. e4 e5 2. Nc3 Nf6 3. Bc4 Nxe4 4. Qh5 Nd6 5. Bb3 Nc6 6. Nb5 g6 7. Qf3 f5 8.
Qd5 Qe7 9. Nxc7+ Kd8 10. Nxa8 b6 11. d3 Bb7 12. Nxb6 axb6 13. Qf3 Nd4 14.
Qh3 Bg7 15. Be3 f4 16. Bxd4 exd4+ 17. Kf1 g5 18. Re1 Qf6 19. Ba4 Nf5 20. Bb5
h5 21. c3 g4 22. Bc6 Bxc6 23. Qxh5 Rxh5 24. c4 g3 25. h3 gxf2 26. Kxf2 Qh4+
27. Kf1 Ng3+ 28. Kf2 Nxh1+ 29. Ke2 Qf2+ 30. Kd1 Qxb2 31. Re2 Qb1+ 32. Kd2
Ng3 33. Rf2 Nf1+ 34. Rxf1 Qxf1 35. Ne2 Qxg2 36. Kd1 Bf3 37. Kc1 Qxe2 38. a3
Rxh3 39. c5 Rh1# {White checkmated} 0-1

[Event "GambitGuide"]
[Site "Internet Chess Club"]
[Date "2014.10.31"]
[Round "1"]
[White "JSBach"]
[Black "JeffH"]
[Result "1-0"]
[ICCResult "Black checkmated"]
[WhiteElo "1687"]
[BlackElo "1183"]
[Opening "Vienna: `Frankenstein-Dracula' variation"]
[ECO "C27"]
[NIC "VG.02"]
[Time "19:40:48"]
[TimeControl "120+12"]

1. e4 e5 2. Nc3 Nf6 3. Bc4 Nxe4 4. Qh5 Nd6 5. Bb3 Nc6 6. Nb5 g6 7. Qf3 f5 8.
Qd5 Qe7 9. Nxc7+ Kd8 10. Nxa8 b6 11. d3 Bb7 12. Nxb6 axb6 13. Qf3 Nd4 14.
Qg3 f4 15. Qg4 Bg7 16. Ba4 Qf6 17. Qxd7# {Black checkmated} 1-0

[Event "GambitGuide"]
[Site "Internet Chess Club"]
[Date "2014.10.31"]
[Round "1"]
[White "JSBach"]
[Black "Spirals"]
[Result "1-0"]
[ICCResult "Black resigns"]
[WhiteElo "1680"]
[BlackElo "2176"]
[Opening "Vienna: `Frankenstein-Dracula' variation"]
[ECO "C27"]
[NIC "VG.02"]
[Time "19:41:00"]
[TimeControl "120+12"]

1. e4 e5 2. Nc3 Nf6 3. Bc4 Nxe4 4. Qh5 Nd6 5. Bb3 Nc6 6. Nb5 g6 7. Qf3 f5 8.
Qd5 Qe7 9. Nxc7+ Kd8 10. Nxa8 b6 11. d3 Bb7 12. Nxb6 axb6 13. Qf3 Nd4 14.
Qg3 f4 15. Qh3 Bd5 16. Ba4 b5 17. c3 Be6 18. g4 h5 19. cxd4 bxa4 20. f3 Bg7
21. Qg2 hxg4 22. Kd1 Bd5 23. Qxg4 Qe6 24. Qxe6 dxe6 25. Bd2 Kd7 26. dxe5
Bxe5 27. Bc3 Bxc3 28. bxc3 g5 29. c4 Bc6 30. Rb1 Nf5 31. h4 Nxh4 32. Rh2 Rg8
33. Ke2 Rg7 34. Rb2 Kc7 35. Rh3 Nf5 36. Kf2 Nd4 37. Rh8 g4 38. fxg4 Rxg4 39.
Rh7+ Kd6 40. Rh2 e5 41. Ne2 Nxe2 42. Rxe2 Rg6 43. Rh5 Rg2+ 44. Kf1 Rxe2 45.
Kxe2 Bd7 46. Rg5 Be6 47. Kf3 a3 48. Ke4 Bd7 49. Rxe5 Bc6+ 50. Kxf4
{Black resigns}
1-0

[Event "GambitGuide"]
[Site "Internet Chess Club"]
[Date "2014.10.31"]
[Round "1"]
[White "JSBach"]
[Black "JeffH"]
[Result "1-0"]
[ICCResult "Black resigns"]
[WhiteElo "1668"]
[BlackElo "1183"]
[Opening "Vienna: `Frankenstein-Dracula' variation"]
[ECO "C27"]
[NIC "VG.02"]
[Time "19:42:29"]
[TimeControl "120+12"]

1. e4 e5 2. Nc3 Nf6 3. Bc4 Nxe4 4. Qh5 Nd6 5. Bb3 Nc6 6. Nb5 g6 7. Qf3 f5 8.
Qd5 Qe7 9. Nxc7+ Kd8 10. Nxa8 b6 11. d3 Bb7 12. Nxb6 axb6 13. Qf3 Nd4 14.
Qh3 f4 15. Ba4 N6f5 16. c3 Nc6 17. Bb3 Na5 18. Bd1 Qc5 19. d4 exd4 20. Bxf4
dxc3 21. bxc3 Qxc3+ 22. Qxc3 {Black resigns} 1-0

[Event "GambitGuide"]
[Site "Internet Chess Club"]
[Date "2014.10.31"]
[Round "1"]
[White "JSBach"]
[Black "Attalus"]
[Result "1-0"]
[ICCResult "Black resigns"]
[WhiteElo "1668"]
[BlackElo "1325"]
[Opening "Vienna: `Frankenstein-Dracula' variation"]
[ECO "C27"]
[NIC "VG.02"]
[Time "19:41:07"]
[TimeControl "120+12"]

1. e4 e5 2. Nc3 Nf6 3. Bc4 Nxe4 4. Qh5 Nd6 5. Bb3 Nc6 6. Nb5 g6 7. Qf3 f5 8.
Qd5 Qe7 9. Nxc7+ Kd8 10. Nxa8 b6 11. d3 Bb7 12. Nxb6 axb6 13. Qf3 e4 14. Qe3
exd3 15. cxd3 Qxe3+ 16. Bxe3 Ne5 17. Bd4 Bg7 18. Kf1 Re8 19. Bxb6+ Ke7 20.
Rd1 Ba6 21. Bc2 Ng4 22. Re1+ Kf7 23. Rxe8 Kxe8 24. h3 Nf6 25. a4 Nd5 26. Bc5
Nf7 27. b4 Bc3 28. b5 Bb7 29. Ne2 Bb4 30. Bxb4 Nxb4 31. Bb1 Ne5 32. Nf4 g5
33. d4 Nc4 34. Nd3 Nd5 35. Nc5 Bc8 36. Bxf5 Nd2+ 37. Ke2 Nc4 38. Re1 h6 39.
Kd3+ Kf7 40. Kxc4 {Black resigns} 1-0

[Event "GambitGuide"]
[Site "Internet Chess Club"]
[Date "2014.10.31"]
[Round "1"]
[White "JSBach"]
[Black "Spirals"]
[Result "0-1"]
[ICCResult "White checkmated"]
[WhiteElo "1668"]
[BlackElo "2176"]
[Opening "Vienna: `Frankenstein-Dracula' variation"]
[ECO "C27"]
[NIC "VG.02"]
[Time "19:43:14"]
[TimeControl "120+12"]

1. e4 e5 2. Nc3 Nf6 3. Bc4 Nxe4 4. Qh5 Nd6 5. Bb3 Nc6 6. Nb5 g6 7. Qf3 f5 8.
Qd5 Qe7 9. Nxc7+ Kd8 10. Nxa8 b6 11. d3 Bb7 12. Nxb6 axb6 13. Qf3 Nd4 14.
Qh3 Bd5 15. c4 Bc6 16. Be3 Bg7 17. Ne2 h5 18. Rc1 g5 19. c5 bxc5 20. Bxd4
cxd4 21. O-O g4 22. Qg3 h4 23. Qxe5 Bxe5 24. Rfe1 Qf6 25. Rc5 Re8 26. a3 Nb7
27. Rcc1 f4 28. Bc4 f3 29. b4 fxe2 30. b5 Bxg2 31. Kxg2 Qf3+ 32. Kg1 Rf8 33.
Rxe2 Qxe2 34. Rf1 g3 35. hxg3 hxg3 36. Bd5 gxf2+ 37. Kg2 Qg4+ 38. Kh1 Rh8#
{White checkmated}
0-1

[Event "GambitGuide"]
[Site "Internet Chess Club"]
[Date "2014.10.31"]
[Round "1"]
[White "JSBach"]
[Black "Spirals"]
[Result "0-1"]
[ICCResult "White checkmated"]
[WhiteElo "1668"]
[BlackElo "2176"]
[Opening "Vienna: `Frankenstein-Dracula' variation"]
[ECO "C27"]
[NIC "VG.02"]
[Time "19:44:36"]
[TimeControl "120+12"]

1. e4 e5 2. Nc3 Nf6 3. Bc4 Nxe4 4. Qh5 Nd6 5. Bb3 Nc6 6. Nb5 g6 7. Qf3 f5 8.
Qd5 Qe7 9. Nxc7+ Kd8 10. Nxa8 b6 11. d3 Bb7 12. Nxb6 axb6 13. Qf3 Nd4 14.
Qh3 Bd5 15. c4 Bc6 16. Be3 Bg7 17. Ne2 h5 18. Rc1 Bf6 19. c5 bxc5 20. Bxd4
cxd4 21. Qg3 g5 22. O-O h4 23. Qh3 g4 24. Rxc6 dxc6 25. Nxd4 exd4 26. Qxg4
fxg4 27. Rc1 Re8 28. h3 Qe1+ 29. Rxe1 Rxe1+ 30. Kh2 g3+ 31. fxg3 Be5 32. a4
Bxg3# {White checkmated} 0-1

[Event "GambitGuide"]
[Site "Internet Chess Club"]
[Date "2014.10.31"]
[Round "1"]
[White "JSBach"]
[Black "JeffH"]
[Result "1-0"]
[ICCResult "Black resigns"]
[WhiteElo "1668"]
[BlackElo "1183"]
[Opening "Vienna: `Frankenstein-Dracula' variation"]
[ECO "C27"]
[NIC "VG.02"]
[Time "19:44:52"]
[TimeControl "120+12"]

1. e4 e5 2. Nc3 Nf6 3. Bc4 Nxe4 4. Qh5 Nd6 5. Bb3 Nc6 6. Nb5 g6 7. Qf3 f5 8.
Qd5 Qe7 9. Nxc7+ Kd8 10. Nxa8 b6 11. d3 Bb7 12. Nxb6 axb6 13. Qf3 Nd4 14.
Qg3 f4 15. Qg4 h5 16. Qxg6 Rh6 17. Qg8 Qf6 18. Ne2 Rg6 19. Qh7 Rxg2 20. Nxd4
exd4 21. Qxh5 Qe7+ 22. Qe2 Qxe2+ 23. Kxe2 Rxf2+ 24. Kxf2 Bxh1 25. Bxf4 Kc7
26. Rxh1 {Black resigns} 1-0

[Event "GambitGuide"]
[Site "Internet Chess Club"]
[Date "2014.10.31"]
[Round "1"]
[White "JSBach"]
[Black "losscause"]
[Result "1/2-1/2"]
[ICCResult "Game drawn by repetition"]
[WhiteElo "1668"]
[BlackElo "1290"]
[Opening "Vienna: `Frankenstein-Dracula' variation"]
[ECO "C27"]
[NIC "VG.02"]
[Time "19:45:12"]
[TimeControl "120+12"]

1. e4 e5 2. Nc3 Nf6 3. Bc4 Nxe4 4. Qh5 Nd6 5. Bb3 Nc6 6. Nb5 g6 7. Qf3 f5 8.
Qd5 Qe7 9. Nxc7+ Kd8 10. Nxa8 b6 11. d3 Bb7 12. Nxb6 axb6 13. Qf3 Nd4 14.
Qg3 Bg7 15. Bg5 Bf6 16. Bxf6 Qxf6 17. Ba4 Re8 18. Rc1 e4 19. Kf1 exd3 20.
cxd3 b5 21. Bc2 Qe5 22. Qg5+ Qe7 23. Qd2 Qh4 24. b3 Qg4 25. f3 Nxf3 26. Nxf3
Bxf3 27. Qa5+ Ke7 28. Re1+ Kf8 29. gxf3 Qxf3+ 30. Kg1 Qg4+ 31. Kf2 Qf4+ 32.
Kg2 Qg4+ 33. Kf1 Qf3+ 34. Kg1 Qg4+ 35. Kf2 Qf4+ 36. Kg2 Qg4+ 37. Kf2
{Game drawn by repetition}
1/2-1/2

[Event "GambitGuide"]
[Site "Internet Chess Club"]
[Date "2014.10.31"]
[Round "1"]
[White "JSBach"]
[Black "Attalus"]
[Result "1-0"]
[ICCResult "Black resigns"]
[WhiteElo "1668"]
[BlackElo "1325"]
[Opening "Vienna: `Frankenstein-Dracula' variation"]
[ECO "C27"]
[NIC "VG.02"]
[Time "19:44:23"]
[TimeControl "120+12"]

1. e4 e5 2. Nc3 Nf6 3. Bc4 Nxe4 4. Qh5 Nd6 5. Bb3 Nc6 6. Nb5 g6 7. Qf3 f5 8.
Qd5 Qe7 9. Nxc7+ Kd8 10. Nxa8 b6 11. d3 Qe6 12. Qxe6 dxe6 13. Bg5+ Kd7 14.
Bf6 Rg8 15. Bc4 Bb7 16. Nxb6+ axb6 17. Bb3 Nb5 18. Ba4 Nbd4 19. c3 b5 20.
Bd1 Bd6 21. cxd4 Bb4+ 22. Kf1 Nxd4 23. Bxe5 Nc6 24. Bf4 e5 25. Bb3 Rd8 26.
Bg5 Re8 27. Bf7 Rf8 28. Bd5 Kd6 29. Bf3 Ba8 30. a3 Bc5 31. Bh6 Re8 32. Be3
e4 33. Bf4+ Kd7 34. dxe4 fxe4 35. Rd1+ Kc8 36. Bg4+ Kb7 37. Rd7+ Kb6 38.
Rxh7 e3 39. fxe3 Bxe3 40. Bxe3+ Rxe3 41. Rh8 Bb7 42. Bf3 Rb3 43. Rg8 Rxb2
44. Rxg6 Rb1+ 45. Kf2 Rb2+ 46. Ne2 Ka5 47. Bxc6 Bxc6 48. Rxc6 {Black
resigns} 1-0

[Event "GambitGuide"]
[Site "Internet Chess Club"]
[Date "2014.10.31"]
[Round "1"]
[White "JSBach"]
[Black "Spirals"]
[Result "1/2-1/2"]
[ICCResult "Game drawn by repetition"]
[WhiteElo "1668"]
[BlackElo "2176"]
[Opening "Vienna: `Frankenstein-Dracula' variation"]
[ECO "C27"]
[NIC "VG.02"]
[Time "19:45:24"]
[TimeControl "120+12"]

1. e4 e5 2. Nc3 Nf6 3. Bc4 Nxe4 4. Qh5 Nd6 5. Bb3 Nc6 6. Nb5 g6 7. Qf3 f5 8.
Qd5 Qe7 9. Nxc7+ Kd8 10. Nxa8 b6 11. d3 Bb7 12. Nxb6 axb6 13. Qf3 Nd4 14.
Qg3 f4 15. Qg4 Bd5 16. Ba4 h5 17. Qh3 Be6 18. g4 Bxg4 19. Qg2 f3 20. Qf1 b5
21. Bb3 Be6 22. Kd1 Bxb3 23. axb3 Kc8 24. Qh3 Qe6 25. Qxe6 dxe6 26. b4 Kb7
27. h4 Bg7 28. Bd2 e4 29. Ra3 Ra8 30. Bf4 Rxa3 31. bxa3 e5 32. Be3 exd3 33.
cxd3 N6f5 34. Bg5 Bf8 35. Rh3 Bd6 36. Kd2 Kc6 37. Bf6 Kd5 38. Nxf3 Nxf3+ 39.
Rxf3 Ke6 40. Bg5 Kd5 41. Bf6 Ke6 42. Bg5 Kd5 43. Bf6 {Game drawn by
repetition} 1/2-1/2

[Event "GambitGuide"]
[Site "Internet Chess Club"]
[Date "2014.10.31"]
[Round "1"]
[White "JSBach"]
[Black "QuieroAprender"]
[Result "1/2-1/2"]
[ICCResult "Game drawn by repetition"]
[WhiteElo "1668"]
[BlackElo "1379"]
[Opening "Vienna: `Frankenstein-Dracula' variation"]
[ECO "C27"]
[NIC "VG.02"]
[Time "19:41:45"]
[TimeControl "120+12"]

1. e4 e5 2. Nc3 Nf6 3. Bc4 Nxe4 4. Qh5 Nd6 5. Bb3 Nc6 6. Nb5 g6 7. Qf3 f5 8.
Qd5 Qe7 9. Nxc7+ Kd8 10. Nxa8 b6 11. d3 Bb7 12. Nxb6 axb6 13. Qf3 Nd4 14.
Qg3 f4 15. Qg4 N6f5 16. c3 Nh6 17. Qh3 Ndf5 18. Nf3 g5 19. g4 Nh4 20. Bd1 e4
21. Kd2 exf3 22. Re1 Qc5 23. d4 Qb5 24. Re5 Qc4 25. Rxg5 Be4 26. Qxh4 Qd3+
27. Ke1 Be7 28. Qxh6 Bxg5 29. Qxb6+ Kc8 30. Bxf3 Bxf3 31. Qc5+ Kb7 32. Qb4+
Kc7 33. Qc5+ Kd8 34. Qxg5+ Kc8 35. Qc5+ Kb8 36. Bxf4+ Ka8 37. Qa5+ Kb7 38.
Qb4+ Ka8 39. Qa4+ Kb7 40. Qxd7+ Ka8 41. Qa4+ Kb7 42. Qb4+ Ka8 43. Qa5+ Kb7
44. Qb4+ Ka8 45. Qa5+ Kb7 46. Qb4+ Ka8 47. Qa5+ Kb7 48. Qb4+ Ka8 49. Qa5+
{Game drawn by repetition}
1/2-1/2

[Event "GambitGuide"]
[Site "Internet Chess Club"]
[Date "2014.10.31"]
[Round "1"]
[White "JSBach"]
[Black "Ricardov"]
[Result "0-1"]
[ICCResult "White checkmated"]
[WhiteElo "1668"]
[BlackElo "2155"]
[Opening "Vienna: `Frankenstein-Dracula' variation"]
[ECO "C27"]
[NIC "VG.02"]
[Time "19:40:40"]
[TimeControl "120+12"]

1. e4 e5 2. Nc3 Nf6 3. Bc4 Nxe4 4. Qh5 Nd6 5. Bb3 Nc6 6. Nb5 g6 7. Qf3 f5 8.
Qd5 Qe7 9. Nxc7+ Kd8 10. Nxa8 b6 11. d3 Bb7 12. Nxb6 axb6 13. Qf3 g5 14. Qe3
f4 15. Qxb6+ Kc8 16. Bd5 e4 17. Ne2 exd3 18. cxd3 Bg7 19. Kf1 Nf5 20. Bd2
Qd6 21. Be4 Nfd4 22. Rc1 Nxe2 23. Kxe2 Kb8 24. Ke1 Bd4 25. Qb5 Re8 26. Qxg5
Bxb2 27. Bxf4 Be5 28. Qh5 Re7 29. Bg5 Re6 30. Qxh7 Bb2 31. Qg8+ Ka7 32. Rb1
Bc3+ 33. Kf1 Rxe4 34. Rxb7+ Kxb7 35. Qb3+ Rb4 36. Qxc3 Rb1+ 37. Bc1 Qd4 38.
Qc2 Qa1 39. Qxb1+ Qxb1 40. Ke2 Nd4+ 41. Ke3 Nf5+ 42. Kf4 Ne7 43. a3 Nd5+ 44.
Ke4 Nc3+ 45. Ke3 Na2 46. Kd2 Nxc1 47. Rxc1 Qb2+ 48. Rc2 Qxa3 49. f4 Qd6 50.
g3 Qd4 51. Ke2 Qg1 52. Rb2+ Kc6 53. Kf3 Qd1+ 54. Ke4 d5+ 55. Kd4 Qg1+ 56.
Kc3 Kc5 57. Re2 d4+ 58. Kc2 Qa1 59. Rd2 Kb4 60. g4 Qf1 61. f5 Kc5 62. Kb2
Kd5 63. Kc2 Ke5 64. Kb3 Kf4 65. Kb4 Ke3 66. Rb2 Kxd3 67. h3 Ke3 68. Rb3+ d3
69. Kc4 Ke4 70. Kc3 Qc1+ 71. Kb4 d2 72. Rc3 Qb2+ 73. Rb3 Qd4+ 74. Ka5 d1=Q
75. Rb4 Qd2 76. Ka6 Q2xb4 77. h4 Qdb6# {White checkmated} 0-1

[Event "GambitGuide"]
[Site "Internet Chess Club"]
[Date "2014.10.31"]
[Round "1"]
[White "JSBach"]
[Black "attalone"]
[Result "1-0"]
[ICCResult "Black resigns"]
[WhiteElo "1668"]
[BlackElo "1396"]
[Opening "Vienna: `Frankenstein-Dracula' variation"]
[ECO "C27"]
[NIC "VG.02"]
[Time "19:45:57"]
[TimeControl "120+12"]

1. e4 e5 2. Nc3 Nf6 3. Bc4 Nxe4 4. Qh5 Nd6 5. Bb3 Nc6 6. Nb5 g6 7. Qf3 f5 8.
Qd5 Qe7 9. Nxc7+ Kd8 10. Nxa8 b6 11. d3 Bb7 12. Nxb6 axb6 13. Qf3 Kc7 14.
Be3 e4 15. Qf4 exd3 16. cxd3 Bg7 17. Rc1 Re8 18. Qb4 Nc8 19. Qxe7 Rxe7 20.
Bd5 Nd6 21. Nf3 Kb8 22. O-O Bxb2 23. Rb1 Bc3 24. Bg5 Rg7 25. Rxb6 Kc7 26.
Rb3 Ba5 27. Rc1 Bb6 28. Bf6 {Black resigns} 1-0

[Event "GambitGuide"]
[Site "Internet Chess Club"]
[Date "2014.10.31"]
[Round "1"]
[White "JSBach"]
[Black "Spirals"]
[Result "0-1"]
[ICCResult "White checkmated"]
[WhiteElo "1668"]
[BlackElo "2176"]
[Opening "Vienna: `Frankenstein-Dracula' variation"]
[ECO "C27"]
[NIC "VG.02"]
[Time "19:47:19"]
[TimeControl "120+12"]

1. e4 e5 2. Nc3 Nf6 3. Bc4 Nxe4 4. Qh5 Nd6 5. Bb3 Nc6 6. Nb5 g6 7. Qf3 f5 8.
Qd5 Qe7 9. Nxc7+ Kd8 10. Nxa8 b6 11. d3 Bb7 12. Nxb6 axb6 13. Qf3 Nd4 14.
Qg3 f4 15. Qg4 Bd5 16. c4 h5 17. Qxg6 Bf7 18. Qxd6 Qxd6 19. c5 Qxc5 20. Bxf4
exf4 21. Rb1 Bxb3 22. axb3 Qc2 23. Ra1 Bb4+ 24. Kf1 Re8 25. g3 f3 26. Ra8+
Ke7 27. Rxe8+ Kxe8 28. Nxf3 Nxf3 29. d4 Nxd4 30. h4 Qe2+ 31. Kg2 Qf3+ 32.
Kh2 Ne2 33. Rf1 Be1 34. b4 Bxf2 35. Rd1 Bxg3+ 36. Kh3 Bf4# {White
checkmated} 0-1

[Event "GambitGuide"]
[Site "Internet Chess Club"]
[Date "2014.10.31"]
[Round "1"]
[White "JSBach"]
[Black "graccus"]
[Result "1-0"]
[ICCResult "Black resigns"]
[WhiteElo "1668"]
[BlackElo "1364"]
[Opening "Vienna: `Frankenstein-Dracula' variation"]
[ECO "C27"]
[NIC "VG.02"]
[Time "19:46:53"]
[TimeControl "120+12"]

1. e4 e5 2. Nc3 Nf6 3. Bc4 Nxe4 4. Qh5 Nd6 5. Bb3 Nc6 6. Nb5 g6 7. Qf3 f5 8.
Qd5 Qe7 9. Nxc7+ Kd8 10. Nxa8 b6 11. d3 Bb7 12. Nxb6 axb6 13. Qf3 Nd4 14.
Qg3 f4 15. Qg4 Qf6 16. Ba4 Bc6 17. Bb3 h5 18. Qh3 g5 19. f3 g4 20. fxg4 hxg4
21. Qxg4 Rh7 22. Nf3 Rg7 23. Qh3 Nxf3+ 24. gxf3 Rg6 25. Bd2 Rh6 26. Qg4 Rg6
27. Qh3 Rh6 28. Qg2 Rg6 29. Qf2 Nf5 30. Qxb6+ Ke7 31. Bb4+ Ke8 32. Qb8+ Qd8
33. Bf7+ {Black resigns} 1-0

[Event "GambitGuide"]
[Site "Internet Chess Club"]
[Date "2014.10.31"]
[Round "1"]
[White "JSBach"]
[Black "Spirals"]
[Result "0-1"]
[ICCResult "White checkmated"]
[WhiteElo "1668"]
[BlackElo "2176"]
[Opening "Vienna: `Frankenstein-Dracula' variation"]
[ECO "C27"]
[NIC "VG.02"]
[Time "19:48:30"]
[TimeControl "120+12"]

1. e4 e5 2. Nc3 Nf6 3. Bc4 Nxe4 4. Qh5 Nd6 5. Bb3 Nc6 6. Nb5 g6 7. Qf3 f5 8.
Qd5 Qe7 9. Nxc7+ Kd8 10. Nxa8 b6 11. d3 Bb7 12. Nxb6 axb6 13. Qf3 Nd4 14.
Qg3 f4 15. Qg4 Bd5 16. c4 h5 17. Qxg6 Bf7 18. Qxf7 Nxf7 19. Bd2 Bh6 20. Ba4
f3 21. g3 Bxd2+ 22. Kxd2 Qb4+ 23. Ke3 Qxa4 24. Rb1 Qc2 25. Ra1 Qxb2 26. Rd1
Qxa2 27. Rc1 Nd6 28. g4 hxg4 29. Rc2 Qxc2 30. h4 Qc1# {White checkmated} 0-1

[Event "GambitGuide"]
[Site "Internet Chess Club"]
[Date "2014.10.31"]
[Round "1"]
[White "JSBach"]
[Black "FreeIreland"]
[Result "1-0"]
[ICCResult "Black resigns"]
[WhiteElo "1657"]
[BlackElo "1250"]
[Opening "Vienna: `Frankenstein-Dracula' variation"]
[ECO "C27"]
[NIC "VG.02"]
[Time "19:48:45"]
[TimeControl "120+12"]

1. e4 e5 2. Nc3 Nf6 3. Bc4 Nxe4 4. Qh5 Nd6 5. Bb3 Nc6 6. Nb5 g6 7. Qf3 f5 8.
Qd5 Qe7 9. Nxc7+ Kd8 10. Nxa8 b6 11. d3 Nb4 12. Qf3 Bb7 13. Qe3 Bxg2 14. a3
Nd5 15. Bxd5 Bxd5 16. Nf3 Bxa8 17. Rg1 h5 18. Nxe5 Bh6 19. f4 Kc7 20. Nxg6
Qf6 21. Nxh8 Qh4+ 22. Qg3 {Black resigns} 1-0

[Event "GambitGuide"]
[Site "Internet Chess Club"]
[Date "2014.10.31"]
[Round "1"]
[White "JSBach"]
[Black "QuieroAprender"]
[Result "1-0"]
[ICCResult "Black resigns"]
[WhiteElo "1657"]
[BlackElo "1379"]
[Opening "Vienna: `Frankenstein-Dracula' variation"]
[ECO "C27"]
[NIC "VG.02"]
[Time "19:47:40"]
[TimeControl "120+12"]

1. e4 e5 2. Nc3 Nf6 3. Bc4 Nxe4 4. Qh5 Nd6 5. Bb3 Nc6 6. Nb5 g6 7. Qf3 f5 8.
Qd5 Qe7 9. Nxc7+ Kd8 10. Nxa8 b6 11. d3 Bb7 12. Nxb6 axb6 13. Qf3 Nd4 14.
Qh3 f4 15. Ba4 N6f5 16. c3 Ne6 17. Bb5 Ng5 18. Qg4 h5 19. Qe2 Nh4 20. f3 Qc5
21. Ba4 Bg7 22. Qf2 Qd5 23. Qxh4 Bf6 24. Qf2 Qxd3 25. Qxb6+ Kc8 26. Qxf6
Nxf3+ 27. Nxf3 Bxf3 28. Qxh8+ Kc7 29. Qxe5+ Kd8 30. Qh8+ Kc7 31. Bxf4+
{Black resigns}
1-0

[Event "GambitGuide"]
[Site "Internet Chess Club"]
[Date "2014.10.31"]
[Round "1"]
[White "JSBach"]
[Black "JeffH"]
[Result "1-0"]
[ICCResult "Black resigns"]
[WhiteElo "1657"]
[BlackElo "1183"]
[Opening "Vienna: `Frankenstein-Dracula' variation"]
[ECO "C27"]
[NIC "VG.02"]
[Time "19:48:30"]
[TimeControl "120+12"]

1. e4 e5 2. Nc3 Nf6 3. Bc4 Nxe4 4. Qh5 Nd6 5. Bb3 Nc6 6. Nb5 g6 7. Qf3 f5 8.
Qd5 Qe7 9. Nxc7+ Kd8 10. Nxa8 b6 11. d3 Bb7 12. Nxb6 axb6 13. Qf3 Nd4 14.
Qh3 f4 15. Ba4 Nf7 16. c3 Ne6 17. Bb3 Nc5 18. Bc4 g5 19. Bd2 Bc6 20. b4 Ne6
21. b5 Bb7 22. Bxe6 dxe6 23. Ne2 Qc5 24. O-O Bd6 25. Qxe6 {Black resigns}
1-0

[Event "GambitGuide"]
[Site "Internet Chess Club"]
[Date "2014.10.31"]
[Round "1"]
[White "JSBach"]
[Black "Spirals"]
[Result "0-1"]
[ICCResult "White checkmated"]
[WhiteElo "1657"]
[BlackElo "2176"]
[Opening "Vienna: `Frankenstein-Dracula' variation"]
[ECO "C27"]
[NIC "VG.02"]
[Time "19:49:22"]
[TimeControl "120+12"]

1. e4 e5 2. Nc3 Nf6 3. Bc4 Nxe4 4. Qh5 Nd6 5. Bb3 Nc6 6. Nb5 g6 7. Qf3 f5 8.
Qd5 Qe7 9. Nxc7+ Kd8 10. Nxa8 b6 11. d3 Bb7 12. Nxb6 axb6 13. Qf3 Nd4 14.
Qg3 f4 15. Qg4 Bd5 16. c4 h5 17. Qxg6 Bf7 18. Qxd6 Qxd6 19. c5 Qxc5 20. Bxf4
exf4 21. Rb1 Bxb3 22. axb3 Bg7 23. Nh3 Re8+ 24. Kf1 Qc2 25. g4 Qxb1+ 26. Kg2
f3+ 27. Kg3 Qxh1 28. Kh4 Qg2 29. Kxh5 Bf6 30. Kg6 Qxh3 31. b4 Qxg4+ 32. Kxf6
Re6+ 33. Kf7 Qg6+ 34. Kf8 Re8# {White checkmated} 0-1

[Event "GambitGuide"]
[Site "Internet Chess Club"]
[Date "2014.10.31"]
[Round "1"]
[White "JSBach"]
[Black "attalone"]
[Result "1-0"]
[ICCResult "Black resigns"]
[WhiteElo "1657"]
[BlackElo "1396"]
[Opening "Vienna: `Frankenstein-Dracula' variation"]
[ECO "C27"]
[NIC "VG.02"]
[Time "19:48:39"]
[TimeControl "120+12"]

1. e4 e5 2. Nc3 Nf6 3. Bc4 Nxe4 4. Qh5 Nd6 5. Bb3 Nc6 6. Nb5 g6 7. Qf3 f5 8.
Qd5 Qe7 9. Nxc7+ Kd8 10. Nxa8 b6 11. d3 Nd4 12. f4 Nxb3 13. axb3 Bb7 14.
Qxe5 Qxe5+ 15. fxe5 Bxa8 16. exd6 Bxd6 17. Bg5+ Be7 18. Bxe7+ Kxe7 19. Kf2
Bc6 20. Rxa7 Kd6 21. Nf3 Bxf3 22. Kxf3 Re8 23. Rha1 Re5 24. Rb7 Kc6 25. Raa7
Re7 26. b4 g5 27. b5+ Kd6 28. Rxb6+ Kc5 29. Rbb7 Kd6 30. b6 Kc6 31. b4 f4
32. Kf2 h6 33. c4 g4 34. d4 f3 35. gxf3 gxf3 36. b5+ Kd6 37. Kxf3 Ke6 38. h4
Kf5 39. Rxd7 Rxd7 40. Rxd7 h5 41. c5 {Black resigns} 1-0

[Event "GambitGuide"]
[Site "Internet Chess Club"]
[Date "2014.10.31"]
[Round "1"]
[White "JSBach"]
[Black "Spirals"]
[Result "0-1"]
[ICCResult "White checkmated"]
[WhiteElo "1657"]
[BlackElo "2176"]
[Opening "Vienna: `Frankenstein-Dracula' variation"]
[ECO "C27"]
[NIC "VG.02"]
[Time "19:50:11"]
[TimeControl "120+12"]

1. e4 e5 2. Nc3 Nf6 3. Bc4 Nxe4 4. Qh5 Nd6 5. Bb3 Nc6 6. Nb5 g6 7. Qf3 f5 8.
Qd5 Qe7 9. Nxc7+ Kd8 10. Nxa8 b6 11. d3 Bb7 12. Nxb6 axb6 13. Qf3 Nd4 14.
Qh3 Bd5 15. c4 Bc6 16. Be3 Bg7 17. Ne2 h5 18. Rc1 Bf6 19. c5 bxc5 20. Bxd4
cxd4 21. Qg3 g5 22. O-O h4 23. Qh3 g4 24. Rxc6 dxc6 25. Nxd4 exd4 26. Qxg4
fxg4 27. Rc1 Re8 28. h3 g3 29. Rf1 gxf2+ 30. Rxf2 Qe3 31. a3 Be5 32. Ba4 Bg3
33. Bxc6 Qxf2+ 34. Kh1 Re1# {White checkmated} 0-1